 Dungeon Crawl Stone Soup version 0.28-a0-429-g1448048969 (webtiles) character file.

Game seed: 510425440873517104

120 siradein the Distorting Demonspawn (level 4, -7/35 HPs)
             Began as a Demonspawn Abyssal Knight on Sept 10, 2021.
             Was a Believer of Lugonu.
             Killed by divine providence
             ... invoked by an orc priest
              (14 damage)
             ... on level 3 of the Dungeon.
             The game lasted 00:03:04 (2724 turns).

siradein the Distorting Demonspawn (DsAK)           Turns: 2724, Time: 00:03:05

Health: -7/35      AC:  8    Str: 14    XL:     4   Next: 75%
Magic:  7/7        EV:  6    Int: 13    God:    Lugonu [**....]
Gold:   140        SH:  0    Dex: 12    Spells: 3/3 levels left

rFire   . . .      SeeInvis .   a - +1 falchion
rCold   . . .      Faith    .   (no shield)
rNeg    + . .      Spirit   .   n - +0 chain mail
rPois   .          Reflect  .   (no helmet)
rElec   .          Harm     .   (no cloak)
rCorr   .          Rampage  .   (no gloves)
Will    .....                   (no boots)
Stlth   ..........              (no amulet)
HPRegen 0.11/turn               c - ring of wizardry
MPRegen 0.10/turn               e - ring of positive energy

@: no status effects
A: spiny 2
a: Renounce Religion, Depart the Abyss, Bend Space


You were on level 3 of the Dungeon.
You worshipped Lugonu.
Lugonu was pleased with you.
You visited 1 branch of the dungeon, and saw 4 of its levels.
You visited the Abyss 1 time.

You collected 140 gold pieces.

Inventory:

Hand Weapons
 a - a +1 falchion (weapon)
Armour
 n - a +0 chain mail (worn)
Jewellery
 c - a ring of wizardry (left hand)
 e - a ring of positive energy (right hand)
Scrolls
 b - a scroll of teleportation {unknown}
 f - 4 scrolls of identify {unknown}
 h - 3 scrolls of enchant armour {unknown}
 l - a scroll of acquirement {unknown}
 m - a scroll of fog {unknown}
Potions
 d - a potion of might {unknown}
 g - a potion of magic {unknown}
 i - a potion of lignification {unknown}
 j - a potion of berserk rage {unknown}
 k - a potion of flight {unknown}
 o - a potion of heal wounds {unknown}
 p - a potion of curing {unknown}


   Skills:
 - Level 3.0 Fighting
 + Level 3.4 Long Blades
 - Level 1.7 Armour
 - Level 0.8 Dodging
 + Level 4.9 Invocations


You had 3 spell levels left.
You didn't know any spells.
Your spell library was empty.

Dungeon Overview and Level Annotations

Branches:
Dungeon (4/15)
 Temple: D:4-7

Altars:
Nemelex Xobeh
Xom


Innate Abilities, Weirdness & Mutations

You are mostly covered in sharp spines.


Message History

You closely miss the goblin. The goblin is struck by your spines.
You kill the goblin!
Lugonu accepts your kill.
No target in view!
No target in view!
You see here a +0 dagger.
Done exploring.
Done exploring.
Done exploring.
Done exploring.
(D) Dungeon
Where to? (Enter - D:3, ? - help)
What level of the Dungeon? (default 1, ? - help)
There is a stone staircase leading down here.
You climb downwards.
The jackal barks!
The orc warrior shouts!
The orc shouts! x3
The orc priest shouts!
You hear a bark!
Found 12 gold pieces and 23 stones.
Found a stone staircase leading down.
There is a stone staircase leading up here.
There are monsters nearby!
The orc priest invokes the aid of Beogh against you.
You are unaffected.
The orc barely misses you. The orc warrior barely misses you.
You climb upwards.
There is a stone staircase leading down here.
The orc warrior is struck by your spines.
The orc warrior barely misses you.
The orc warrior hits you from afar with a +0 halberd!!
Ouch! That really hurt!
The orc priest looks braver for a moment.
The orc priest invokes the aid of Beogh against you.
You barely resist.
The orc priest calls down the wrath of Beogh upon you.
Beogh smites you!
* * * LOW HITPOINT WARNING * * *
There is an escape hatch in the ceiling here.
The orc is struck by your spines. The orc hits you but does no damage.
The orc priest mumbles some strange prayers to Beogh against you.
Beogh smites you!
You die...

.#......'.###....##.# #..
.#......#####....##.# #..
##......# #......##.# #..
#......# #......##.##### ####
##......# #....#........######...
.....#### #....#.##.........##...
.....#########...##.........++...
.....'...........##..............
.....###........@............_...
...).# #.#######o##.#............
.....###.#..........#...######...
.....##........##.#o##### #..(
.....##..#.###.##.#.######## #...
.....##..........(oo##.....# ####
######.....##..#....##.....#
#..#####....#..##.....# #..#
#.#.......)....#


You could see an orc priest and an orc.

Vanquished Creatures
  3 gnolls (D:1)
  4 adders
  A worm (D:2)
  A dart slug (D:2)
  4 endoplasms
  2 giant cockroaches
  6 goblins
  2 hobgoblins
  4 jackals (D:1)
  3 quokkas
  4 ball pythons
  4 bats
  6 kobolds
  5 rats
49 creatures vanquished.

Notes
Turn   | Place    | Note
-------+----------+-------------------------------------------
     0 | Abyss:1  | siradein the Demonspawn Abyssal Knight began the quest for
                  | the Orb.
     0 | Abyss:1  | Reached XP level 1. HP: 18/18 MP: 2/2
    41 | Abyss:1  | Noticed a chaos spawn
    41 | Abyss:1  | Noticed a starcursed mass
    42 | D:1      | Escaped the Abyss
   232 | D:1      | Found a faded altar of an unknown god.
   554 | D:1      | Reached skill level 3 in Invocations
   554 | D:1      | Gained mutation: You are partially covered in sharp spines.
                  | [demonic ancestry]
   554 | D:1      | Reached XP level 2. HP: 18/24 MP: 2/4
   562 | D:1      | Reached * piety under Lugonu
  1105 | D:1      | Reached XP level 3. HP: 21/29 MP: 5/5
  1323 | D:1      | Reached skill level 4 in Invocations
  1662 | D:2      | Gained mutation: You are mostly covered in sharp spines.
                  | [demonic ancestry]
  1662 | D:2      | Reached XP level 4. HP: 35/35 MP: 7/7
  1709 | D:2      | Found a sparkling altar of Nemelex Xobeh.
  2195 | D:3      | Found a shimmering altar of Xom.
  2318 | D:3      | Reached ** piety under Lugonu
  2711 | D:4      | Noticed an orc warrior
  2724 | D:3      | Killed from afar by an orc priest

Illustrated notes

Levels and vault maps discovered:
D:1:      saegor_arrival_simple_c, layout_basic, basic_ecumenical_altar
D:2:      layout_basic, basic_altar
D:3:      layout_basic, xom_butterflies, minmay_unequal
D:4:      layout_basic, grunt_temple_overflow_cloverleaf, uniq_robin,
          uniq_grinder

Skill      XL: |  1  2  3 |
---------------+----------+-----
Long Blades    | 2 3 |  3.4
Invocations    | 3 4 |  4.9
Fighting       | |  3.0
Armour         | |  1.7
Dodging        | |  0.8

Action                   |  1- 3 |  4- 6 || total
-------------------------+-------+-------++-------
Melee: Falchion          |    77 |    28 ||   105
Invok: Depart the Abyss  |     1 |       ||     1
Armor: Plate armour      |    53 |     8 ||    61
       Ring mail         |     1 |       ||     1
       Chain mail        |       |     7 ||     7
Dodge: Dodged            |    14 |     6 ||    20

Table legend: (Time is in decaauts)
 A = Elapsed time spent in this place.
 B = Non-inter-level travel time spent in this place.
 C = Inter-level travel time spent in this place.
 D = Time resting spent in this place.
 E = Time spent auto-exploring this place.
 F = Levels seen in this place.
 G = Mean time per level.
                   A        B        C        D        E       F      G
               +--------+--------+--------+--------+--------+-----+--------+
         Total |   2745 |   2711 |     34 |    199 |   2153 |   5 |  549.0 |
       Dungeon |   2703 |   2669 |     34 |    199 |   2132 |   4 |  675.8 |
         Abyss |     42 |     42 |      0 |      0 |     21 |   1 |   42.0 |
               +--------+--------+--------+--------+--------+-----+--------+

Top non-repeatable levels by time:
     D:1: 1277 daAuts
     D:2: 736 daAuts
     D:3: 688 daAuts
 Abyss:1: 42 daAuts
     D:4: 1 daAuts
